 Dungeon Sprint DCSS version 0.30-a0-719-gcc4359ea44 (webtiles) character file.

Game seed: 4581860788019185327

435 CrazyBamboolord the Protected (level 6, 0/64 HPs)
             Began as a Minotaur Fighter on Jan 26, 2023.
             Was an Initiate of Okawaru.
             Slain by Sonja
             ... wielding a +1 short sword of distortion
              (21 damage)
             ... in the Dungeon (Sprint I: "Red Sonja").
             The game lasted 00:01:38 (321 turns).

CrazyBamboolord the Protected (Minotaur Fighter)     Turns: 321, Time: 00:01:38

Health: 0/64       AC:  9    Str: 22    XL:     6   Next: 68%
Magic:  5/5        EV: 10    Int:  5    God:    Okawaru [......]
Gold:   8          SH:  6    Dex: 10    Spells: 5/5 levels left

rFire   . . .      SeeInvis .    a - +0 flail
rCold   . . .      Faith    .    c - +0 buckler
rNeg    . . .      Spirit   .    l - +1 ring mail "Puacil" {rCorr}
rPois   .          Reflect  .    (helmet restricted)
rElec   .          Harm     .    (no cloak)
rCorr   +          Rampage  .    (no gloves)
Will    .....      NoTele   +    b - +0 pair of boots Stlth
                                 (no amulet)
HPRegen 0.30/turn                (no ring)
MPRegen 0.09/turn                (no ring)

@: no status effects
A: horns 2, retaliatory headbutt
a: Renounce Religion


You were in the Dungeon.
You worshipped Okawaru.
Okawaru was noncommittal.
You visited 1 branch You collected 305 gold pieces.
You spent 297 gold pieces at shops.

Inventory:

Hand Weapons
 a - a +0 flail (weapon)
Armour
 b - a +0 pair of boots (worn)
 c - a +0 buckler (worn)
 l - the +1 ring mail "Puacil" (worn) {rCorr}
   (You bought it in a shop in the Dungeon)

   rCorr:     It protects you from acid and corrosion.
Wands
 k - a wand of paralysis (3) (quivered)
Scrolls
 j - a scroll of blinking
Potions
 d - a potion of might
 e - a potion of curing
 f - 3 potions of heal wounds
 g - a potion of haste
 h - 2 potions of magic
 i - a potion of berserk rage


   Skills:
 * Level 9.4 Fighting
 * Level 7.1 Maces & Flails
 * Level 10.1 Armour
 + Level 1.0 Dodging
 * Level 10.0 Shields


You had 5 spell levels left.
You didn't know any spells.
Your spell library was empty.

Dungeon Overview and Level Annotations

Branches:
Dungeon (1/1)

Altars:
Cheibriados
Dithmenos
Elyvilon
Fedhas
Gozag
Hepliaklqana
Kikubaaqudgha
Nemelex Xobeh
Okawaru
Qazlal
Ru
Sif Muna
Trog
Uskayaw
Vehumet
Wu Jian
Yredelemnul
Zin
The Shining One

Shops:
D [

Annotations:
D Sonja


Innate Abilities, Weirdness & Mutations

You have a pair of horns on your head.
You reflexively headbutt those who attack you in melee.


Message History

You drop a +0 scale mail.
There is an iron altar of Okawaru here.
You kneel at the altar of Okawaru.
Okawaru welcomes you!
There is an entrance to Migrizyq's Antique Armour Emporium here.
You see here a +0 scale mail.
b - a +0 pair of boots Thank you for shopping at Migrizyq's Antique Armour Emporium!
You start putting on your armour.
You continue putting on your +0 pair of boots. x4
You finish putting on your +0 pair of boots.
You start resting.
HP restored.
There is an open door, spattered with blood here.
You see here a yak corpse.
There is a radiant altar of Vehumet here.
You open the door.
Sonja, the Graceful Assassin comes into view.
She is wielding a +1 short sword of distortion, quivering curare-tipped darts and carrying a wand of iceblast (11).
Sonja casts a spell.
Sonja blinks!
Sonja hits you but does no damage.
Sonja hits you with a +1 short sword of distortion.
Sonja closely misses you.
Found 108 gold pieces.
You miss Sonja. Your headbutt misses Sonja.
Sonja hits you with a +1 short sword of distortion.
Space warps around you.
Sonja hits you with a +1 short sword of distortion.
Space warps around you.
Sonja hits you with a +1 short sword of distortion.
Space warps horribly around you!!
* * * LOW HITPOINT WARNING * * *
Okay, then.
You feel much better.
Sonja hits you with a +1 short sword of distortion.
Space warps around you.
Sonja hits you with a +1 short sword of distortion.
Space warps around you. Sonja misses you.
Sonja hits you with a +1 short sword of distortion.
Space warps horribly around you!!
You die...

################
#<.#..)..#.)'..#
#..').#..'..#..+
#..#####'#####'#
#..####..#...#.#
#..#__####..##.#
#..#_____##'#_.+
#⌠⌠#_.∩...†..K_#
####_..__##_@#+#
#_____###'#
####### #.# $.$
$.$ ##.## #+#


You could see Sonja.

Vanquished Creatures
  Sigmund (D)
  A yak (D)
  An ogre (D)
  A jelly (D)
  Ijyb (D)
5 creatures vanquished.

Notes
Turn   | Place    | Note
-------+----------+-------------------------------------------
     0 | D        | CrazyBamboolord the Minotaur Fighter began the quest for
                  | the Orb.
     0 | D        | Reached XP level 1. HP: 19/19 MP: 0/0
     2 | D        | Noticed Ijyb
     6 | D        | Paralysed by Ijyb for 3 turns
    12 | D        | Killed Ijyb
    13 | D        | Reached skill level 5 in Fighting
    13 | D        | Reached skill level 5 in Armour
    13 | D        | Reached skill level 5 in Shields
    13 | D        | Reached XP level 2. HP: 23/29 MP: 1/1
    37 | D        | Noticed an ogre
    49 | D        | Killed an ogre
    50 | D        | Reached XP level 3. HP: 10/38 MP: 2/2
    50 | D        | Reached XP level 4. HP: 12/45 MP: 3/3
   178 | D        | Noticed Sigmund
   185 | D        | Killed Sigmund
   186 | D        | Reached XP level 5. HP: 55/55 MP: 4/4
   198 | D        | Found an ornate altar of the Wu Jian Council.
   198 | D        | Found a shimmering blue altar of Sif Muna.
   200 | D        | Found a radiant altar of Vehumet.
   205 | D        | Reached XP level 6. HP: 62/62 MP: 5/5
   228 | D        | Found Migrizyq's Antique Armour Emporium.
   228 | D        | Found an ancient bone altar of Kikubaaqudgha.
   228 | D        | Found a hazy altar of Hepliaklqana.
   228 | D        | Found a hide-covered altar of Uskayaw.
   228 | D        | Found a basalt altar of Yredelemnul.
   228 | D        | Found an opulent altar of Gozag.
   228 | D        | Found a snail-covered altar of Cheibriados.
   228 | D        | Found a sacrificial altar of Ru.
   228 | D        | Found a shadowy altar of Dithmenos.
   228 | D        | Noticed a yak
   239 | D        | Killed a yak
   240 | D        | Reached skill level 10 in Armour
   240 | D        | Reached skill level 1 in Dodging
   240 | D        | Reached skill level 10 in Shields
   240 | D        | Found a stormy altar of Qazlal.
   240 | D        | Found a blossoming altar of Fedhas.
   240 | D        | Found a bloodstained altar of Trog.
   240 | D        | Found an iron altar of Okawaru.
   240 | D        | Found a glowing golden altar of the Shining One.
   240 | D        | Found a glowing silver altar of Zin.
   240 | D        | Found a white marble altar of Elyvilon.
   241 | D        | Found a sparkling altar of Nemelex Xobeh.
   245 | D        | Bought a jewelled ring mail for 198 gold pieces
   245 | D        | Identified the +1 ring mail "Puacil" {rCorr} (You bought it
                  | in a shop in the Dungeon)
   258 | D        | Became a worshipper of Warmaster Okawaru
   261 | D        | Bought a pair of boots for 99 gold pieces
   319 | D        | Noticed Sonja
   321 | D        | Slain by Sonja

Illustrated notes

Levels and vault maps discovered:
D:        dungeon_sprint_1 [red_sonja_temple_1, red_sonja_temple_small_1]

Skill      XL: |  1  2  3  4  5  6 |
---------------+-------------------+-----
Fighting       | 5 6 8 9 |  9.4
Maces & Flails | 3 4 6 7 |  7.1
Armour         | 5 7 8 9 10 | 10.1
Shields        | 5 6 8 9 10 | 10.0
Dodging        | 1 |  1.0

Action                     |  1- 3 |  4- 6 || total
---------------------------+-------+-------++-------
  Melee: Flail             |    15 |    20 ||    35
         Headbutt          |     1 |     6 ||     7
  Evoke: Wand              |     4 |       ||     4
    Use: Potion            |       |     1 ||     1
   Stab: Paralysed         |     2 |       ||     2
 Armour: Scale mail        |     1 |     2 ||     3
         Ring mail         |       |     1 ||     1
  Dodge: Dodged            |     5 |    12 ||    17
  Block: Buckler           |     3 |     4 ||     7

Table legend: (Time is in decaauts)
 A = Elapsed time spent in this place.
 B = Non-inter-level travel time spent in this place.
 C = Inter-level travel time spent in this place.
 D = Time resting spent in this place.
 E = Time spent auto-exploring this place.
 F = Levels seen in this place.
 G = Mean time per level.
                   A        B        C        D        E       F      G
               +--------+--------+--------+--------+--------+-----+--------+
         Total |    328 |    322 |      6 |    187 |      0 |   1 |  328.0 |
       Dungeon |    328 |    322 |      6 |    187 |      0 |   1 |  328.0 |
               +--------+--------+--------+--------+--------+-----+--------+

Top non-repeatable levels by time:
       D: 328 daAuts
